 Dungeon Crawl Stone Soup version 0.17.1-3-g152610e (webtiles) character file.

25300 NTAmi the Covert (level 12, -1/62 HPs)
             Began as a Spriggan Assassin on Apr 27, 2016.
             Was an Elder of Nemelex Xobeh.
             Shot with an arrow by a centaur warrior (20 damage)
             ... on level 13 of the Dungeon on May 1, 2016.
             The game lasted 03:19:54 (15962 turns).

NTAmi the Covert (Spriggan Assassin)               Turns: 15962, Time: 03:19:54

Health: -1/62      AC:  7    Str:  7    XL:     12   Next: 88%
Magic:  22/22      EV: 30    Int: 12    God:    Nemelex Xobeh [****..]
Gold:   367        SH:  0    Dex: 23    Spells: 3 memorised, 10 levels left

rFire  + . .     SeeInvis +     f - +2 demon blade (elec)
rCold  . . .     Clarity  .     s - +2 robe {rF+}
rNeg   . . .     SustAt   .     (shield currently unavailable)
rPois  .         Gourm    .     (helmet restricted)
rElec  .         Spirit   .     d - +2 cloak
rCorr  +         Warding  .     (gloves unavailable)
rMut   .         Stasis   .     (boots unavailable)
MR     ++...                    P - amulet of resist corrosion
Stlth  ++++++++..               u - +2 ring of strength
                                v - ring of stealth

@: very quick, very resistant to hostile enchantments, extraordinarily stealthy
A: unfitting armour, see invisible, dopey 1, herbivore 3, speed 3, slow
metabolism 2, subdued magic 1
a: Triple Draw, Deal Four, Renounce Religion


You were on level 13 of the Dungeon.
You worshipped Nemelex Xobeh.
Nemelex Xobeh was greatly pleased with you.
You were not hungry.

You visited 2 branches of the dungeon, and saw 14 of its levels.
You also visited: Ossuary.

You collected 937 gold pieces.
You spent 474 gold pieces at shops.

Inventory:

Hand Weapons
 b - a +0 blowgun
 f - a +2 demon blade of electrocution (weapon)
 w - a +0 hunting sling
 y - a +0 shortbow
 A - a +1 hunting sling
 C - a +1 rapier
 L - a +2 vampiric dagger
 O - a +0 blowgun
Missiles
 c - 55 arrows
 e - 34 poisoned needles
 j - 12 exploding sling bullets
 n - 349 stones (quivered)
 o - 5 arrows of flame
 J - 90 sling bullets
 V - 14 silver sling bullets
 Y - a curare-tipped needle
Armour
 d - a +2 cloak (worn)
 s - a +2 robe of fire resistance (worn)
Jewellery
 u - a +2 ring of strength (right hand)
 v - a ring of stealth (left hand)
 z - a +3 ring of evasion
 H - an uncursed ring of ice
 P - an amulet of resist corrosion (around neck)
Wands
 I - a wand of fire (0)
 N - a wand of flame (23)
 S - a wand of disintegration (3)
Scrolls
 k - a scroll of fog
 l - 6 scrolls of remove curse
 m - 3 scrolls of identify
 p - 3 scrolls of teleportation
 E - 2 scrolls of recharging
 K - a scroll of fear
Potions
 i - 3 potions of haste
 r - 2 potions of heal wounds
 t - 6 potions of curing
 x - a potion of magic
 B - a potion of resistance
 Q - 2 potions of brilliance
 T - 3 potions of cure mutation
Miscellaneous
 a - an ornate deck of war
 h - a legendary deck of escape
 q - a plain deck of escape {drawn: 2}
 D - an ornate deck of destruction {drawn: 1}
 G - a box of beasts
 M - an ornate deck of destruction
 W - a plain deck of war {drawn: 3}
Comestibles
 g - 9 bread rations
 R - 18 fruits


   Skills:
 + Level 6.7 Fighting
 + Level 4.6(7.7) Short Blades
 * Level 7.3(7.7) Long Blades
 + Level 7.7(9.6) Slings
 + Level 7.6(8.7) Throwing
 + Level 10.3 Dodging
 + Level 13.7 Stealth
 * Level 6.4 Spellcasting
 * Level 2.6 Conjurations
 + Level 4.0 Charms
 + Level 3.2 Transmutations
 + Level 4.2 Earth Magic
 + Level 7.5 Evocations


You had 10 spell levels left.
You knew the following spells:

 Your Spells              Type           Power        Failure   Level  Hunger
a - Stoneskin             Trmt/Erth      #.......     3%          2    ##.....
b - Irradiate             Conj/Trmt      #.........   92%         5    ######.
c - Haste                 Chrm           #.......     100%        6    #######


Dungeon Overview and Level Annotations

Branches:
Dungeon (13/15)            Temple (1/1) D:4            Lair (0/8) D:11
    Orc (0/4) D:12
 Vaults: D:13-14

Altars:
Ashenzari
Cheibriados
Dithmenos
Elyvilon
Fedhas
Gozag
Kikubaaqudgha
Makhleb
Nemelex Xobeh
Okawaru
Qazlal
Ru
Sif Muna
Trog
Vehumet
Xom
Yredelemnul
Zin
The Shining One

Shops:
D:7 (

Portals:
Abyss: D:8


Innate Abilities, Weirdness & Mutations

You are tiny and cannot use many weapons and most armour.
You have supernaturally acute eyesight.
You are a herbivore.
You cover ground extremely quickly.
You need consume almost no food.
You are dopey. (Int -2)
Your spells are a little easier to cast, but a little less powerful.


Message History

Okay, then.
The big kobold throws a stone.
The stone hits you.
You see here a stone.
The big kobold throws a stone.
The stone completely misses you.
You kill the big kobold!
You start resting.
Throwing (i - inventory. (,) - cycle):
F - 2 tomahawks (quivered)
Press: ? - help, Shift-Dir - straight line, f/p - centaur warrior
Aim: a centaur warrior, wielding a shortbow (moderately wounded, poisoned)
You throw a tomahawk.
The tomahawk closely misses the centaur warrior.
The centaur warrior shoots an arrow.
The arrow hits you!
Throwing (i - inventory. (,) - cycle):
F - a tomahawk (quivered)
Press: ? - help, Shift-Dir - straight line, f/p - centaur warrior
Aim: a centaur warrior, wielding a shortbow (moderately wounded, poisoned)
You throw a tomahawk.
The tomahawk barely misses the centaur warrior.
The centaur warrior shoots an arrow.
The arrow hits you!!
You die...
Your body glows with a rainbow of weird colours and disappears.

#..... #.####
#####.## # #......# #
#.###..# #.# #..###
#########.###.....
#.>†.......†..####
#######@#####...#####
#.....).#####.###
#.............#
#...........###
#.#.......###.#
#.#.......# #.#
#.#....c..# #.#
#.#...(...# #.#
#.####.#### #.# #


You could see a centaur warrior.

Vanquished Creatures
  Gastronok (D:11)
  Maud (D:13)
  3 hydras
  The ghost of angrylion the Protected, a journeyman MiFi of Okawaru (D:10)
  Erolcha (D:11)
  2 tengu warriors (D:13)
  An unseen horror (D:10)
  5 hill giants
  Pikel (D:8)
  3 ugly things
  A cyclops (D:11)
  2 griffons (D:13)
  3 centaur skeletons
  An orange demon (D:8)
  A komodo dragon (D:11)
  A red devil (D:8)
  2 trolls
  Prince Ribbit (D:7)
  2 two-headed ogres (D:13)
  5 slime creatures (D:12)
  2 deep elf magi
  2 hippogriffs
  2 vampire mosquitoes (D:12)
  7 yaks
  A mottled dragon (D:13)
  An ice beast (D:6)
  2 sky beasts
  2 orc warriors
  2 ogres
  A water moccasin (D:12)
  An eye of draining (D:12)
  2 centaurs
  2 phantoms
  2 necrophages
  3 crocodiles
  A giant frog (D:8)
  6 big kobolds
  A water moccasin zombie (D:5)
  3 scorpions
  16 killer bees
  2 wights (D:12)
  6 hounds
  2 crimson imps (D:10)
  A quasit (D:12)
  A wasp zombie (D:10)
  An orc priest (D:10)
  3 jellies
  3 centaur zombies
  2 giant frog skeletons
  4 iguanas
  Jessica (D:2)
  Natasha (thrice) (D:3)
  A gnoll shaman (D:5)
  8 orc wizards
  5 iron imps (D:8)
  2 big kobold zombies (Ossuary)
  8 worker ants
  2 sheep (D:8)
  A hound skeleton (D:5)
  A hound zombie (D:8)
  7 mummies
  7 adders
  5 gnolls (D:5)
  3 shadow imps
  2 oozes
  4 worms
  3 adder skeletons
  3 giant geckos
  30 orcs
  2 giant cockroaches
  7 hobgoblins
  6 jackals
  4 quokkas
  3 ball pythons
  5 bats
  5 giant newts
  3 gnoll zombies (Ossuary)
  9 goblins
  A jackal skeleton (D:5)
  16 kobolds
  A kobold zombie (Ossuary)
  2 orc zombies (Ossuary)
  2 quokka skeletons
  A quokka zombie (D:8)
  6 rats
  2 plants (D:11)
293 creatures vanquished.

Vanquished Creatures (collateral kills)
  A centaur warrior (D:13)
  The ghost of SaintRoka the Schismatic, a journeyman NaAK of Lugonu (D:12)
  The ghost of GFox the Nimble, a novice MfTm of Makhleb (D:7)
  A gargoyle (D:10)
  A wight (D:12)
  A worker ant (D:12)
  2 mummies (Ossuary)
8 creatures vanquished.

Vanquished Creatures (others)
  A deep elf mage (D:13)
  2 slaves (D:8)
  4 plants
7 creatures vanquished.

Grand Total: 308 creatures vanquished

Notes
Turn   | Place    | Note
--------------------------------------------------------------
     0 | D:1      | NTAmi the Spriggan Assassin began the quest for the Orb.
     0 | D:1      | Reached XP level 1. HP: 10/10 MP: 2/2
   140 | D:1      | Reached skill level 6 in Stealth
   275 | D:1      | Reached XP level 2. HP: 13/15 MP: 4/4
   391 | D:1      | Reached skill level 1 in Spellcasting
  1087 | D:2      | Reached XP level 3. HP: 6/18 MP: 5/5
  1331 | D:2      | Noticed Jessica
  1339 | D:2      | Killed Jessica
  1339 | D:2      | Reached skill level 7 in Stealth
  1998 | D:3      | Reached XP level 4. HP: 23/23 MP: 7/7
  2021 | D:3      | Found a faded altar to an unknown god.
  2052 | D:3      | Noticed Natasha
  2136 | D:3      | Killed Natasha
  2400 | D:3      | Reached XP level 5. HP: 26/26 MP: 9/9
  2598 | D:3      | Noticed Natasha
  2844 | D:3      | Killed Natasha
  3033 | D:3      | Noticed Natasha
  3041 | D:3      | Reached skill level 1 in Slings
  3047 | D:3      | Killed Natasha
  3519 | D:4      | Reached XP level 6. HP: 20/32 MP: 11/11
  3847 | D:4      | Noticed a phantom
  3915 | D:4      | Killed a phantom
  3915 | D:4      | Reached skill level 8 in Stealth
  3915 | D:4      | Reached skill level 1 in Evocations
  4167 | D:4      | Found a sparkling altar of Nemelex Xobeh.
  4190 | D:4      | Became a worshipper of Nemelex Xobeh the Trickster
  4205 | D:4      | Received a gift from Nemelex Xobeh
  4357 | D:4      | Found a staircase to the Ecumenical Temple.
  4533 | Temple   | Entered the Ecumenical Temple
  4553 | Temple   | Received a gift from Nemelex Xobeh
  4638 | Temple   | Gained mutation: Your magical capacity is low (-10% MP). [potion of mutation]
  4638 | Temple   | Gained mutation: You are surrounded by a mild repulsion field (EV +2). [potion of mutation]
  4638 | Temple   | Gained mutation: You tend to lose your temper in combat. [potion of mutation]
  4657 | D:5      | Entered Level 5 of the Dungeon
  4657 | D:5      | Reached * piety under Nemelex Xobeh
  4660 | D:5      | Reached skill level 1 in Long Blades
  4660 | D:5      | Reached XP level 7. HP: 35/35 MP: 11/11
  4681 | D:5      | Found a sand-covered staircase.
  4696 | Ossuary  | Entered an ossuary
  4944 | Ossuary  | Drew Focus: Dex increased to 19, Str decreased to 7
  5113 | Ossuary  | Lost mutation: You are surrounded by a mild repulsion field (EV +2). [potion of cure mutation]
  5113 | Ossuary  | Lost mutation: Your magical capacity is low (-10% MP). [potion of cure mutation]
  5113 | Ossuary  | Lost mutation: You tend to lose your temper in combat. [potion of cure mutation]
  5886 | D:5      | Reached skill level 9 in Stealth
  6422 | D:6      | Reached XP level 8. HP: 40/40 MP: 13/13
  6653 | D:6      | Reached ** piety under Nemelex Xobeh
  7002 | D:7      | Reached skill level 5 in Dodging
  7190 | D:7      | Noticed Prince Ribbit
  7210 | D:7      | Killed Prince Ribbit
  7210 | D:7      | Reached skill level 10 in Stealth
  7737 | D:7      | Found Vaobb's Weapon Shoppe.
  7805 | D:7      | Learned a level 2 spell: Stoneskin
  7891 | D:7      | Reached XP level 9. HP: 45/45 MP: 14/14
  7914 | D:7      | Reached skill level 11 in Stealth
  7938 | D:7      | Noticed GFox's ghost (novice MfTm)
  7955 | D:7      | Drew Focus: Dex increased to 20, Str decreased to 7
  7961 | D:7      | Killed GFox's ghost
  7961 | D:7      | Reached skill level 5 in Evocations
  8558 | D:8      | Found a one-way gate to the infinite horrors of the Abyss.
  8559 | D:8      | Noticed an orange demon
  8996 | D:8      | Killed an orange demon
  8996 | D:8      | Reached skill level 5 in Slings
  9171 | D:8      | Noticed Pikel
  9204 | D:8      | Killed Pikel
  9204 | D:8      | Reached skill level 12 in Stealth
  9204 | D:8      | Reached XP level 10. HP: 51/51 MP: 15/15
  9367 | D:8      | Noticed a three-headed hydra
  9379 | D:8      | Gained mutation: You are partially covered in slimy green scales (AC +2). [helix card]
  9380 | D:8      | Drew Focus: Dex increased to 22, Str decreased to 6
  9449 | D:8      | Killed a three-headed hydra
  9449 | D:8      | Reached skill level 1 in Earth Magic
  9497 | D:8      | Lost mutation: You are partially covered in slimy green scales (AC +2). [helix card]
  9589 | D:9      | Received a gift from Nemelex Xobeh
  9864 | D:7      | Bought a +0 demon blade of electrocution for 474 gold pieces
  9927 | D:9      | Reached *** piety under Nemelex Xobeh
  9979 | D:9      | Reached skill level 5 in Fighting
 10202 | D:9      | Reached skill level 1 in Transmutations
 10336 | D:10     | Entered Level 10 of the Dungeon
 10390 | D:10     | Reached skill level 5 in Throwing
 10394 | D:10     | Received a gift from Nemelex Xobeh
 10885 | D:10     | Noticed an unseen horror
 10902 | D:10     | Killed an unseen horror
 10902 | D:10     | Reached skill level 5 in Long Blades
 10954 | D:10     | Noticed a hill giant
 10986 | D:10     | Killed a hill giant
 11074 | D:10     | Reached XP level 11. HP: 34/56 MP: 16/16
 11204 | D:10     | Noticed angrylion's ghost (journeyman MiFi)
 11744 | D:10     | Noticed a hill giant
 11752 | D:10     | Received a gift from Nemelex Xobeh
 11881 | D:10     | Killed angrylion's ghost
 12054 | D:11     | Noticed Gastronok
 12080 | D:11     | Killed Gastronok
 12109 | D:11     | Noticed Erolcha
 12138 | D:11     | Killed Erolcha
 12205 | D:11     | Noticed a hill giant
 12245 | D:11     | Killed a hill giant
 12426 | D:11     | Found a staircase to the Lair.
 13055 | Temple   | Learned a level 5 spell: Irradiate
 13062 | Temple   | Learned a level 6 spell: Haste
 13066 | Temple   | Gained mutation: You are dopey. (Int -2) [potion of mutation]
 13066 | Temple   | Gained mutation: Your spells are a little easier to cast, but a little less powerful. [potion of mutation]
 13213 | D:11     | Noticed a hill giant
 13233 | D:11     | Killed a hill giant
 13271 | D:11     | Reached **** piety under Nemelex Xobeh
 13279 | D:11     | Received a gift from Nemelex Xobeh
 13351 | D:11     | Reached skill level 13 in Stealth
 13351 | D:11     | Reached skill level 1 in Charms
 13648 | D:12     | Received a gift from Nemelex Xobeh
 13710 | D:12     | Noticed a hill giant
 13741 | D:12     | Killed a hill giant
 13750 | D:12     | Drew Focus: Dex increased to 23, Str decreased to 5
 13889 | D:12     | Noticed SaintRoka's ghost (journeyman NaAK)
 13912 | D:12     | Killed SaintRoka's ghost
 13912 | D:12     | Reached skill level 1 in Conjurations
 14065 | D:12     | Reached XP level 12. HP: 51/61 MP: 19/19
 14130 | D:12     | Noticed a five-headed hydra
 14150 | D:12     | Killed a five-headed hydra
 14324 | D:12     | Found a staircase to the Orcish Mines.
 14431 | D:12     | Received a gift from Nemelex Xobeh
 14692 | D:12     | Noticed a hill giant
 14802 | D:12     | Killed a hill giant
 15005 | D:13     | Noticed a six-headed hydra
 15179 | D:13     | Reached skill level 10 in Dodging
 15189 | D:13     | Reached skill level 5 in Spellcasting
 15272 | D:13     | Received a gift from Nemelex Xobeh
 15281 | D:13     | Noticed a centaur warrior
 15297 | D:13     | Killed a centaur warrior
 15514 | D:13     | Noticed Maud
 15588 | D:13     | Killed Maud
 15804 | D:13     | Killed a six-headed hydra
 15935 | D:13     | Noticed a centaur warrior
 15962 | D:13     | Shot with an arrow by a centaur warrior

Action                   |  1- 3 |  4- 6 |  7- 9 | 10-12 || total
-------------------------+-------+-------+-------+-------++-------
Melee: Dagger            |    83 |    89 |    34 |     7 ||   213
       Rapier            |       |       |   153 |    95 ||   248
       Demon blade       |       |       |       |   287 ||   287
       Blowgun           |       |       |       |     2 ||     2
 Fire: Blowgun           |     7 |    17 |    64 |   123 ||   211
       Hunting sling     |       |   123 |   164 |   190 ||   477
Throw: Stone             |    24 |    26 |     4 |    47 ||   101
       Tomahawk          |       |       |    28 |    68 ||    96
 Cast: Stoneskin         |       |       |       |     8 ||     8
 Abil: Evoke Teleportati |       |       |     1 |       ||     1
Evoke: Wand              |       |     2 |    21 |    25 ||    48
       Deck              |       |       |    14 |    28 ||    42
  Use: Scroll            |       |    13 |     9 |    10 ||    32
       Potion            |       |     3 |     9 |     3 ||    15
 Stab: Sleeping          |    15 |    13 |    20 |    22 ||    70
       Distracted        |       |       |     2 |     6 ||     8
  Eat: Fruit             |       |     1 |       |     2 ||     3
       Bread ration      |       |       |     1 |       ||     1
       Pizza             |       |       |       |     6 ||     6
